 Dungeon Crawl Stone Soup version 0.31-a0-426-g3a05650e59 (webtiles) character file.

Game seed: 8770188005928582011

35 LeprechaunX the Ruffian (level 3, 0/23 HPs)
             Began as an Octopode Shapeshifter on July 31, 2023.
             Succumbed to an adder's poison
             ... on level 2 of the Dungeon.
             The game lasted 00:00:33 (695 turns).

LeprechaunX the Ruffian (Octopode Shapeshifter)      Turns: 695, Time: 00:00:33

Health: 0/23       AC:  1    Str: 16    XL:     3   Next: 35%
Magic:  3/3        EV: 13    Int: 10    God:
Gold:   64         SH:  0    Dex: 12    Spells: 2/2 levels left

rFire   . .          .
                       - Unarmed
rCold   . . .        (no shield)
rNeg    . . .        (helmet currently unavailable)
rPois   .            (no amulet)
rElec   .            (no ring)
rCorr   .            (no ring)
SInv    .            (no ring)
Will    .....        (no ring)
Stlth   ++           (no ring)
HPRegen 0.23/turn    (no ring)
MPRegen 0.08/turn    (no ring)
                     (no ring)

%: no passive effects
@: lethally poisoned (0 -> -5), beast-form
A: beast (slay +2), almost no armour, amphibious, 8 rings, camouflage 1,
gelatinous body 1, (nimble swimmer 1), tentacles
a: Begin Untransformation


You were on level 2 of the Dungeon.
You were a hulking beast.
You visited 1 branch of the dungeon, and saw 2 of its levels.

You collected 64 gold pieces.

Inventory:

Talismans
 b - a beast talisman (active)
Scrolls
 d - a scroll of teleportation {unknown}
 f - a scroll of identify {unknown}
 g - a scroll of amnesia {unknown}
Potions
 a - a potion of lignification
 c - a potion of attraction {unknown}
 e - a potion of enlightenment {unknown}


   Skills:
 + Level 1.5 Fighting
 + Level 2.4 Dodging
 * Level 3.5 Unarmed Combat
 + Level 3.2 Shapeshifting


You had 2 spell levels left.
You didn't know any spells.
Your spell library was empty.

Dungeon Overview and Level Annotations

Branches:
Dungeon (2/15)

Altars:


Innate Abilities, Weirdness & Mutations

You are a hulking beast.
Your limbs bulge with bestial killing power. (Slay +2)
You cannot wear most types of armour.
You are amphibious.
You can wear up to eight rings at the same time.
Your skin changes colour to match your surroundings (Stealth+).
Your rubbery body absorbs attacks. (AC +1, EV +1)
((You are camouflaged when in or above water. (Stealth+)))
You have tentacles for arms and can constrict up to eight enemies at once.


Message History

The adder poisons you!
You miss the adder. You grab the adder. You constrict the adder.
You feel sick. The bat hits you.
A goblin comes into view. It is wielding a +0 dagger.
The adder bites you.
You are more poisoned.
The adder poisons you!
You tentacle-slap the adder.
The adder is moderately wounded.
You constrict the adder.
You feel very sick.
The bat barely misses you. x2; The adder bites you.
You are lethally poisoned!
The adder poisons you! The bat hits you.
You tentacle-slap the adder.
The adder is heavily wounded.
You constrict the adder.
* * * LOW HITPOINT WARNING * * *
You feel very sick. The bat barely misses you. The adder completely misses you.
A giant cockroach comes into view.
You tentacle-slap the goblin but do no damage.
You grab the goblin. You squeeze the goblin.
You kill the goblin!
You constrict the adder.
* * * LOW HITPOINT WARNING * * *
You feel sick. The bat barely misses you. The adder barely misses you.
The bat misses you. The adder closely misses you.
You tentacle-slap the adder.
The adder is almost dead.
You constrict the adder.
You kill the adder!
* * * LOW HITPOINT WARNING * * *
You feel sick. The bat misses you.
Unknown command.
* * * LOW HITPOINT WARNING * * *
You feel sick. The bat closely misses you.
You see here a frilled lizard corpse.
You barely miss the bat. Your grab misses the bat. Your squeeze misses the bat.
You die...

# # ### ?#
..##. ..
#....#####.###
#.....)B.!.#
#.##.......#
.###
#.##h##..###
.#.. #.##b#
.... .#.#
###..#.# ####
.#.# #......#
.#.#
#.####..>#
.#.# #.# ###.#
...########.#
.#
<.).)....<#.#
#
..#########)#


You could see a giant cockroach and a bat.

Vanquished Creatures
  An adder (D:2)
  A dart slug (D:1)
  3 ball pythons
  2 bats (D:1)
  2 endoplasms
  2 goblins (D:2)
  3 hobgoblins
  3 jackals (D:2)
  A frilled lizard (D:2)
  3 kobolds
  A rat (D:1)
22 creatures vanquished.

Notes
Turn   | Place    | Note
-------+----------+-------------------------------------------
     0 | D:1      | LeprechaunX the Octopode Shapeshifter began the quest for
                  | the Orb.
     0 | D:1      | Reached XP level 1. HP: 13/13 MP: 1/1
   122 | D:1      | Reached XP level 2. HP: 18/18 MP: 2/2
   644 | D:2      | Reached XP level 3. HP: 18/23 MP: 3/3
   666 | D:2      | Found the +3 Elemental Staff {rElec rF+ rC+ AC+3}
   694 | D:2      | HP: 1/23 [poisoned by an adder]
   695 | D:2      | Succumbed to an adder's poison

Illustrated notes

Levels and vault maps discovered:
D:1:      scummos_arrival_hexagon, layout_basic, minmay_bisected
D:2:      layout_basic, uniq_sigmund

Action                     || total
---------------------------++-------
  Melee: Unarmed           ||    44
         Constrict         ||    15
         Tentacles         ||     6
         Punch             ||     2
   Stab: Sleeping          ||     1
 Armour: Skin              ||     4
  Dodge: Dodged            ||    31

Table legend: (Time is in decaauts)
 A = Elapsed time spent in this place.
 B = Non-inter-level travel time spent in this place.
 C = Inter-level travel time spent in this place.
 D = Time resting spent in this place.
 E = Time spent auto-exploring this place.
 F = Levels seen in this place.
 G = Mean time per level.
                   A        B        C        D        E       F      G
               +--------+--------+--------+--------+--------+-----+--------+
         Total |    691 |    667 |     24 |      0 |    560 |   2 |  345.5 |
       Dungeon |    691 |    667 |     24 |      0 |    560 |   2 |  345.5 |
               +--------+--------+--------+--------+--------+-----+--------+

Top non-repeatable levels by time:
     D:1: 445 daAuts
     D:2: 246 daAuts
